Map: Winter Madness LE

Players

Reynor - Winner!

  • Race: Zerg Zerg
  • League: Master
  • Spawn Location: 5:00

SKillous

  • Race: Protoss Protoss
  • League: Master
  • Spawn Location: 11:00

VOD

Have the link to the VOD?

Description

Time

  • Played on: Jan. 31, 2026, 2:26 p.m.
  • Length: 11:50
Show
View Real Time Build Order
Export as new Build Order

Reynor Zerg - Winner!

Build Orders: Hatch First 

Get SALT Encoding   

  12  0:00  Drone  
  13  0:08  Drone  
  14  0:15  Extractor, Drone  
  15  0:21  Overlord  
  15  0:39  Drone  
  16  0:45  Hatchery  
  16  0:48  Drone  
  16  0:52  Drone  
  16  0:56  Drone  
  18  1:05  Extractor  
  17  1:11  Spawning Pool  
  17  1:14  Drone  
  17  1:17  Drone  
  18  1:27  Drone  
  19  1:37  Drone  
  20  1:47  Drone  
  21  1:58  Queen x2, Zergling x2  
  21  1:59  Overlord  
  27  2:08  Drone  
  27  2:10  Drone  
  27  2:12  Metabolic Boost  
  28  2:19  Drone  
  28  2:20  Drone  
  30  2:29  Drone  
  31  2:30  Drone  
  32  2:37  Hatchery  
  32  2:41  Zergling x2  
  32  2:42  Drone  
  33  2:52  Overlord  
  33  2:53  Queen  
  33  2:55  Zergling x2  
  36  3:06  Overlord  
  36  3:10  Drone x3  
  36  3:11  Drone x3  
  36  3:12  Drone  
  43  3:19  Zergling x2  
  44  3:21  Overlord  
  44  3:25  Queen  
  46  3:30  Zergling x2  
  46  3:32  Zergling x2  
  48  3:38  Zergling x4  
  48  3:39  Zergling x2  
  48  3:40  Drone  
  52  3:41  Queen  
  52  3:44  Drone  
  52  3:47  Overlord  
  55  3:48  Drone  
  55  3:49  Drone  
  55  3:51  Drone  
  55  3:54  Spore Crawler  
  57  3:56  Drone x2  
  57  4:00  Spore Crawler  
  58  4:03  Drone  
  58  4:05  Drone  
  58  4:06  Spore Crawler  
  58  4:08  Drone  
  60  4:14  Drone x3  
  63  4:20  Roach Warren  
  63  4:22  Zergling x6  
  64  4:25  Zergling x2  
  64  4:26  Zergling x2  
  64  4:28  Zergling x4  
  67  4:31  Zergling x2  
  67  4:36  Zergling x4  
  67  4:40  Lair  
  67  4:41  Drone x2  
  67  4:42  Drone  
  67  4:44  Drone x2  
  66  4:46  Drone x2  
  66  4:48  Drone  
  66  4:49  Drone  
  69  4:54  Drone x2  
  69  4:55  Drone  
  69  4:56  Drone  
  69  4:59  Overlord  
  73  5:00  Overlord  
  73  5:05  Evolution Chamber  
  73  5:07  Drone x2  
  74  5:08  Overlord  
  74  5:12  Extractor  
  74  5:13  Overlord, Extractor  
  71  5:14  Drone x2  
  71  5:17  Drone  
  73  5:22  Roach x2  
  73  5:27  Roach  
  79  5:30  Roach x3  
  79  5:31  Roach, Drone  
  88  5:36  Drone x3  
  88  5:37  Hatchery  
  88  5:38  Overseer  
  88  5:41  Overlord  
  90  5:45  Drone x2  
  90  5:46  Extractor  
  90  5:47  Extractor  
  90  5:48  Zerg Missile Weapons Level 1  
  90  5:51  Extractor, Drone  
  90  5:53  Overlord  
  90  5:55  Drone  
  91  5:57  Drone x2  
  91  5:58  Overlord  
  91  5:59  Drone x3  
  91  6:01  Glial Reconstitution  
  96  6:05  Drone x2  
  96  6:08  Overlord  
  96  6:09  Drone x2  
  100  6:14  Overlord  
  99  6:20  Roach x3  
  105  6:27  Roach  
  105  6:28  Overlord  
  109  6:34  Roach x2  
  109  6:35  Roach x3  
  109  6:36  Zergling x8  
  109  6:38  Overlord  
  121  6:45  Overlord  
  121  6:47  Overseer  
  121  6:48  Roach x2  
  125  6:55  Roach x3  
  125  6:56  Roach x3  
  125  6:57  Roach  
  125  6:59  Overseer, Roach x2  
  125  7:00  Roach  
  145  7:04  Roach x3  
  145  7:05  Roach  
  153  7:09  Drone  
  153  7:13  Drone x2  
  153  7:14  Drone  
  156  7:21  Roach x3  
  162  7:23  Drone x2  
  162  7:25  Overlord  
  162  7:27  Drone x2  
  162  7:28  Drone  
  162  7:29  Roach  
  169  7:33  Extractor, Overlord  
  169  7:35  Extractor, Zergling x6  
  170  7:37  Ravager x5  
  170  7:43  Roach x2, Zergling x2  
  180  7:44  Zerg Missile Weapons Level 2  
  180  7:47  Overlord  
  180  7:54  Ravager  
  180  7:55  Ravager, Zergling x4  
  180  7:56  Zergling x4  
  186  7:58  Overlord  
  186  8:03  Ravager x2  
  188  8:06  Overlord  
  188  8:09  Pneumatized Carapace  
  188  8:17  Spore Crawler, Ravager x3  
  188  8:18  Hatchery  
  187  8:21  Drone x3  
  189  8:30  Ravager x3  
  188  8:35  Drone x3  
  191  8:43  Zergling x2  
  191  8:46  Ravager x3  
  190  8:51  Spore Crawler  
  190  8:52  Zergling x8  
  190  8:54  Zergling x16  
  197  8:58  Infestation Pit  
  197  9:01  Ravager x3  
  181  9:10  Zergling x12  
  181  9:17  Zergling x6  
  181  9:23  Zergling x6  
  181  9:24  Hydralisk Den  
  177  9:25  Roach x2  
  173  9:31  Roach x3, Zergling x8  
  172  9:38  Hive  
  172  9:39  Zergling x6  
  172  9:40  Zergling x2  
  172  9:42  Roach x3  
  176  9:47  Zergling x8  
  176  9:50  Overseer x2, Queen  
  176  9:51  Drone x3  
  172  9:53  Muscular Augments  
  172  9:54  Lurker Den  
  172  9:57  Hydralisk x4  
  172  9:59  Hydralisk  
  173  10:04  Drone  
  173  10:05  Drone  
  172  10:07  Hydralisk  
  172  10:08  Hydralisk x4  
  172  10:10  Hydralisk  
  183  10:17  Hydralisk x5  
  191  10:21  Drone x3  
  191  10:25  Hydralisk  
  191  10:26  Zergling x6  
  199  10:34  Hydralisk x2  
  199  10:35  Zergling x8  
  177  10:44  Overseer  
  177  10:45  Hydralisk x3  
  177  10:46  Hydralisk, Zergling x6  
  184  10:55  Hydralisk x5  
  179  11:07  Hydralisk x3  
  179  11:08  Zergling x6  
  179  11:10  Hydralisk x2  
  154  11:14  Hydralisk  
  121  11:18  Zergling x6  
  107  11:28  Roach  
  107  11:29  Roach x2  
Show
View Real Time Build Order
Export as new Build Order

SKillous Protoss 

Build Orders: 1 Gate Expand, Archon Immortal, Archon Drop, Dark Templar Rush 

Get SALT Encoding   

  12  0:00  Probe  
  13  0:12  Probe  
  14  0:20  Pylon  
  14  0:24  Probe  
  15  0:34  Probe  
  15  0:42  Probe  
  16  0:43  Gateway  
  16  0:47  Assimilator  
  17  0:52  Probe  
  19  1:04  Probe  
  19  1:16  Probe  
  20  1:24  Nexus  
  20  1:33  Cybernetics Core  
  20  1:36  Probe  
  21  1:44  Assimilator  
  21  1:49  Probe  
  21  1:52  Pylon  
  22  2:00  Adept  
  22  2:01  Probe  
  23  2:09  Probe  
  23  2:15  Twilight Council  
  26  2:17  Probe  
  26  2:21  Warp Gate  
  27  2:27  Probe  
  27  2:28  Stalker  
  28  2:32  Probe  
  31  2:40  Probe x2  
  33  2:53  Probe, Robotics Facility  
  33  2:54  Probe  
  35  3:05  Probe x2  
  36  3:10  Gateway  
  37  3:14  Probe  
  37  3:16  Dark Shrine  
  37  3:17  Probe  
  39  3:22  Probe  
  40  3:29  Probe  
  40  3:32  Warp Prism, Gateway  
  40  3:33  Gateway  
  41  3:44  Probe  
  41  3:46  Probe  
  45  3:49  Pylon  
  45  3:52  Assimilator  
  45  3:55  Assimilator  
  45  3:58  Probe  
  45  4:00  Pylon  
  46  4:07  Probe  
  47  4:11  Probe  
  48  4:19  Probe  
  48  4:23  Probe  
  50  4:28  Shield Battery  
  50  4:29  Dark Templar  
  50  4:32  Pylon  
  50  4:35  Dark Templar x3  
  50  4:37  Probe x2  
  55  4:53  Pylon  
  55  4:56  Gateway  
  55  4:58  Pylon  
  55  5:04  Archon  
  55  5:05  Nexus  
  55  5:09  Probe x2  
  55  5:10  Observer  
  57  5:15  Pylon  
  57  5:19  Probe  
  57  5:21  Probe  
  57  5:25  Immortal  
  57  5:26  Pylon  
  57  5:27  Probe  
  59  5:31  Forge  
  59  5:32  Archon  
  59  5:33  Probe  
  59  5:35  Robotics Facility, Probe  
  65  5:36  Sentry x2  
  65  5:41  Probe  
  70  5:45  Pylon  
  70  5:47  Probe  
  70  5:49  Probe, Pylon  
  73  5:57  Immortal  
  73  6:00  Probe x2  
  79  6:12  Probe  
  79  6:15  Probe x2  
  79  6:16  Zealot x4  
  89  6:24  Probe  
  91  6:26  Immortal  
  91  6:27  Probe  
  96  6:34  Blink  
  98  6:40  Pylon  
  98  6:43  Immortal  
  98  6:45  Probe x3  
  103  6:48  Gateway  
  103  6:54  Assimilator x2  
  103  6:57  Probe  
  103  7:01  Probe  
  105  7:04  Probe  
  105  7:07  Immortal  
  110  7:09  Probe  
  110  7:10  Pylon  
  110  7:13  Probe  
  112  7:16  Probe  
  112  7:18  Photon Cannon  
  112  7:22  Pylon, Immortal  
  117  7:31  Protoss Ground Weapons Level 1  
  117  7:32  Stalker x4  
  125  7:38  Pylon  
  125  7:43  Dark Templar  
  127  7:45  Dark Templar  
  127  7:46  Immortal  
  133  7:52  Pylon  
  133  7:56  Pylon  
  133  7:58  Pylon  
  133  8:01  Stalker  
  137  8:14  Stalker x3  
  143  8:23  Stalker x2, Immortal  
  143  8:25  Immortal  
  143  8:26  Gateway  
  151  8:29  Gateway  
  151  8:34  Stalker  
  151  8:39  Stalker x3  
  157  8:47  Charge  
  157  8:48  Stalker x2  
  161  8:52  Gateway  
  161  8:54  Gateway  
  159  8:57  Pylon  
  159  8:58  Stalker  
  165  9:03  Immortal  
  161  9:10  Immortal  
  161  9:14  Stalker x4  
  157  9:21  Stalker  
  153  9:26  Stalker x3  
  144  9:39  Stalker x3  
  144  9:43  Dark Templar  
  135  10:11  Dark Templar x6  
  135  10:12  Assimilator  
  145  10:19  Archon x3  
  145  10:20  Zealot x4  
  149  10:22  Pylon  
  149  10:25  Pylon  
  149  10:41  Zealot x4  
  152  10:43  Zealot x5  
  152  10:46  Zealot  
  144  11:04  Zealot x3  
  112  11:19  Zealot x3  
Tags
 
Add a new tag
Caveats
  • Supply blocks, unpowered buildings, or Contaminate may cause inaccurate times.
  • Supply counts are checked every 10 seconds.